 Dungeon Crawl Stone Soup version 0.24.0-123-gd5b16e6ec5 (webtiles) character file.

Game seed: 5259264425527691156, levelgen mode: deterministic

44 Martska the Charmwright (level 3, 0/28 HPs)
             Began as a Human Skald on Feb 13, 2020.
             Slain by a killer bee (6 damage)
             ... on level 2 of the Dungeon.
             The game lasted 00:02:50 (896 turns).

Martska the Charmwright (Human Skald)                Turns: 896, Time: 00:02:50

Health: 0/28       AC:  3    Str: 12    XL:     3   Next: 85%
Magic:  6/6        EV: 12    Int: 13    God:
Gold:   62         SH:  0    Dex: 12    Spells: 0/6 levels left

rFire    . . .     SeeInvis .   a - +0 falchion
rCold    . . .     Gourm    .   (no shield)
rNeg     . . .     Faith    .   b - +0 leather armour
rPois    .         Spirit   .   (no helmet)
rElec    .         Reflect  .   (no cloak)
rCorr    .         Harm     .   (no gloves)
MR       .....                  (no boots)
Stlth    +.........             (no amulet)
HPRegen  0.09/turn              (no ring)
MPRegen  0.10/turn              (no ring)

@: no status effects
A: no striking features
a: no special abilities


You were on level 2 of the Dungeon.
You were not hungry.

You visited 1 branch of the dungeon, and saw 2 of its levels.

You collected 62 gold pieces.

Inventory:

Hand Weapons
 a - a +0 falchion (weapon)
Armour
 b - a +0 leather armour (worn)
Scrolls
 c - 2 scrolls of fog {unknown}
 f - a scroll of identify {unknown}
 h - a scroll of remove curse {unknown}
Potions
 e - a potion of might {unknown}
 g - a potion of flight {unknown}
 i - a potion of curing {unknown}
 j - a potion of resistance {unknown}
Comestibles
 d - 2 rations


   Skills:
 * Level 2.6 Fighting
 * Level 2.4 Long Blades
 + Level 1.4 Armour
 + Level 2.2 Dodging
 + Level 2.1 Spellcasting
 + Level 0.0 Hexes
 + Level 3.1 Charms
 + Level 0.3 Translocations


You couldn't memorise any spells.
You knew the following spells:

 Your Spells              Type           Power        Failure   Level  Hunger
a - Infusion              Chrm           #...         9%          1    ##.....
b - Shroud of Golubria    Chrm/Tloc      #.....       24%         2    ###....
c - Spectral Weapon       Hex/Chrm       #.......     45%         3    ####...

Your spell library contained the following spells:

 Spells                   Type           Power        Failure   Level  Hunger
 Song of Slaying          Chrm           #.......     13%         2    ###....
 Regeneration             Chrm/Necr      #.........   45%         3    ####...


Dungeon Overview and Level Annotations

Branches:
Dungeon (2/15)

Altars:


Message History

A killer bee comes into view.
The killer bee barely misses you.
You riposte.
You closely miss the killer bee.
The killer bee stings you but does no damage.
The killer bee barely misses you.
An ooze comes into view.
The killer bee stings you.
* * * LOW HITPOINT WARNING * * *
You see here an adder corpse.
The killer bee closely misses you.
You riposte.
You hit the killer bee but do no damage.
A rat comes into view.
A frilled lizard comes into view.
The killer bee barely misses you.
You riposte.
You miss the killer bee.
There is a stone staircase leading down here.
The killer bee stings you but does no damage.
The killer bee barely misses you.
You riposte.
Your leather armour prevents you from hitting the killer bee.
The killer bee misses you.
You riposte.
You completely miss the killer bee. The killer bee stings you.
You die...

#####.#.# ...#.#.#
#.#.#.########### #
#................
#.#......<#########
#.#.#†#.####
#..y.......#
#######y#.#.##.#
...r..y@yg......$
#########..J.l. ...
#.#..#=# #.
#.#..#.# ###..# #
...#


You could see 4 killer bees, an ooze, a hobgoblin, a frilled lizard and a rat.

Vanquished Creatures
  An adder (D:2)
  An ooze (D:1)
  3 dart slugs (D:1)
  A leopard gecko (D:1)
  A giant cockroach (D:1)
  A goblin (D:1)
  2 hobgoblins (D:1)
  2 jackals (D:1)
  3 kobolds (D:1)
  2 bats (D:1)
  4 frilled lizards (D:1)
  4 rats (D:1)
25 creatures vanquished.

Notes
Turn   | Place    | Note
-------+----------+-------------------------------------------
     0 | D:1      | Martska the Human Skald began the quest for the Orb.
     0 | D:1      | Reached XP level 1. HP: 16/16 MP: 3/3
    66 | D:1      | Reached XP level 2. HP: 19/22 MP: 5/5
    76 | D:1      | Learned a level 2 spell: Shroud of Golubria
   491 | D:1      | Reached XP level 3. HP: 25/28 MP: 0/6
   848 | D:2      | Learned a level 3 spell: Spectral Weapon
   888 | D:2      | Noticed a killer bee
   888 | D:2      | Noticed a killer bee
   889 | D:2      | Noticed a killer bee
   889 | D:2      | Noticed a killer bee
   896 | D:2      | Slain by a killer bee

Levels and vault maps discovered:
D:1:      saegor_arrival_miasma, layout_rooms
D:2:      layout_basic, tgw_trog

Action                   || total
-------------------------++-------
Melee: Falchion          ||    83
 Cast: Infusion          ||     2
Armor: Leather armour    ||    33
Dodge: Dodged            ||    79
       Rpst.: Falchion   ||    33
